 Dungeon Crawl Stone Soup version 0.28-a0-851-g8b9cc49659 (webtiles) character file.

Game seed: 6399611981747982018

9 croobank the Sneak (level 2, -2/14 HPs)
             Began as a Felid Delver on Nov 14, 2021.
             Was an Initiate of Nemelex Xobeh.
             Slain by an orc priest (7 damage)
             ... on level 6 of the Dungeon.
             The game lasted 00:06:19 (360 turns).

croobank the Sneak (Felid Delver)                    Turns: 360, Time: 00:06:22

Health: -2/14      AC:  1    Str:  8    XL:     2   Next: 3%
Magic:  3/3        EV: 17    Int: 11    God:    Nemelex Xobeh [......]
Gold:   0          SH:  0    Dex: 17    Spells: 1/1 levels left
                                        Lives:  0   Deaths: 0

rFire   . . .      SeeInvis +     - Unarmed
rCold   . . .      Faith    .   (shield unavailable)
rNeg    . . .      Spirit   .   (armour unavailable)
rPois   .          Reflect  .   (helmet unavailable)
rElec   .          Harm     .   (cloak unavailable)
rCorr   .          Rampage  .   (gloves unavailable)
Will    .....                   (boots unavailable)
Stlth   ++++......              (no amulet)
HPRegen 0.04/turn               (no ring)
MPRegen 0.08/turn               (no ring)

@: flying, quick
A: very small, claws 1, fangs 3, see invisible, speed 1, shaggy fur 1, stealthy
paws, no weapons or thrown items, no armour, multi-lived
a: Renounce Religion, Draw Escape, Draw Destruction, Draw Summoning


You were on level 6 of the Dungeon.
You worshipped Nemelex Xobeh.
Nemelex Xobeh was noncommittal.
You visited 2 branches of the dungeon, and saw 3 of its levels.

Inventory:

Wands
 e - a wand of digging (3)
Scrolls
 a - a scroll of fog
 b - a scroll of magic mapping


   Skills:
 + Level 3.0 Fighting
 + Level 2.7 Dodging
 + Level 7.1 Stealth
 + Level 2.0 Unarmed Combat


You had one spell level left.
You didn't know any spells.
Your spell library was empty.

Dungeon Overview and Level Annotations

Branches:
Dungeon (6/15)             Temple (1/1) D:5

Altars:
Ashenzari
Fedhas
Gozag
Hepliaklqana
Kikubaaqudgha
Makhleb
Nemelex Xobeh
Okawaru
Qazlal
Sif Muna
Uskayaw
Vehumet
Wu Jian
The Shining One


Innate Abilities, Weirdness & Mutations

You have sharp claws.
You have razor-sharp teeth.
You have supernaturally acute eyesight. (SInv)
You cover ground quickly. (Speed+)
You are covered in fur. (AC +1)
Your paws help you pounce on unaware monsters.
You are incapable of wielding weapons or throwing items.
You cannot wear armour.
You gain extra lives every three experience levels.


Message History

* * * LOW HITPOINT WARNING * * *
As you read the scroll of fear, it crumbles to dust.
You assume a fearsome visage.
The iguana looks frightened!
The iguana hisses angrily.
The orc warrior looks frightened!
The necrophage is unaffected.
The orc looks frightened! x3
Okay, then.
Aiming: Dig
Press: ? - help, Shift-Dir - straight line Digging in that direction won't affect any walls.
Okay, then.
You don't have any such object.
Evoke which item? (* to show all) (? for menu, Esc to quit)
Okay, then.
Aiming: Dig
Press: ? - help, Shift-Dir - straight line Digging in that direction won't affect any walls.
A translucent stone wall.
Okay, then.
A vampire mosquito comes into view.
Found a white potion and a square bone amulet.
Cornered, the orc turns to fight!
The necrophage misses you.
You closely miss the necrophage.
The orc priest shouts!
You hear a shout!
The vampire mosquito buzzes angrily.
You hear an angry hiss.
You closely miss the necrophage.
The orc priest looks satisfied for a moment.
Cornered, the orc turns to fight!
A howler monkey zombie comes into view.
The orc misses you.
You scratch the necrophage.
The necrophage is lightly damaged.
The necrophage closely misses you. The orc misses you.
You scratch the necrophage but do no damage.
The necrophage is lightly damaged.
The necrophage barely misses you.
The orc priest hits you with a +0 short sword!
Ouch! That really hurt!
You die...
Your body disappears without a glow.

#.......# #.......# #.. #...##
############### ##..###...#
..#S....#.....# "#...#....#
..#.....#.....# .#..>.....######
..#..#..#..#..# y#.....(o....[..
.Z#..#..#..#..###n####.##########
..l..#.....#.o.o@o# #o#
.....#.l.o.#.....o# #.#
######################.###
.........................# .
....................#....# ....
###################..#.#.# ...
.....#...Oo# #.#..#..# ...
.....#...o.# #...##.## #.
..#..#..#.o# #.... # #####


You could see a vampire mosquito, an ogre, a necrophage, an orc priest and 3
orcs.

Vanquished Creatures
  An adder (D:6)
1 creature vanquished.

Vanquished Creatures (others)
  9 toadstools (D:5)
9 creatures vanquished.

Grand Total: 10 creatures vanquished

Notes
Turn   | Place    | Note
-------+----------+-------------------------------------------
     0 | D:5      | croobank the Felid Delver began the quest for the Orb.
     0 | D:5      | Reached XP level 1. HP: 10/10 MP: 2/2
     0 | D:5      | Found a staircase to the Ecumenical Temple.
     6 | D:5      | Noticed an ogre
     9 | Temple   | Entered the Ecumenical Temple
   175 | Temple   | Became a worshipper of Nemelex Xobeh the Trickster
   230 | D:5      | Noticed a hound
   243 | D:6      | Noticed a steam dragon
   258 | D:6      | Found a hide-covered altar of Uskayaw.
   283 | D:6      | Identified the +1 leather armour of Syndicalism {-Tele
                  | Int+2 Stlth+}
   311 | D:6      | Reached skill level 7 in Stealth
   311 | D:6      | Reached XP level 2. HP: 14/14 MP: 3/3
   312 | D:6      | Noticed a necrophage
   314 | D:6      | Noticed a bullfrog
   314 | D:6      | Noticed a sky beast
   314 | D:6      | Noticed an ogre
   317 | D:6      | Noticed a sky beast
   341 | D:6      | Noticed an orc warrior
   356 | D:6      | Noticed a vampire mosquito
   360 | D:6      | Slain by an orc priest

Illustrated notes

Levels and vault maps discovered:
D:5:      cheibrodos_fertilizer, layout_loops_ring,
          minmay_temple_entry_overgrown, ebering_ghost_reflecting_pool
D:6:      kennysheep_windowed_halls, layout_loops_cross, zin_treasury,
          nicolae_uskayaw_dance_hall, serial_shops, kennysheep_little_box
Temple:   dpeg_chambers_temple

Skill      XL: |  1 |
---------------+----+-----
Stealth        | 7 |  7.1
Fighting       | |  3.0
Dodging        | |  2.7
Unarmed Combat | |  2.0

Action                   || total
-------------------------++-------
Melee: Unarmed           ||     5
  Use: Potion            ||     3
       Scroll            ||     2
 Stab: Sleeping          ||     1
Dodge: Dodged            ||     9

Table legend: (Time is in decaauts)
 A = Elapsed time spent in this place.
 B = Non-inter-level travel time spent in this place.
 C = Inter-level travel time spent in this place.
 D = Time resting spent in this place.
 E = Time spent auto-exploring this place.
 F = Levels seen in this place.
 G = Mean time per level.
                   A        B        C        D        E       F      G
               +--------+--------+--------+--------+--------+-----+--------+
         Total |    275 |    252 |     23 |      0 |    113 |   3 |   91.7 |
       Dungeon |    119 |    118 |      1 |      0 |      0 |   2 |   59.5 |
        Temple |    155 |    134 |     21 |      0 |    113 |   1 |  155.0 |
               +--------+--------+--------+--------+--------+-----+--------+

Top non-repeatable levels by time:
  Temple: 155 daAuts
     D:6: 91 daAuts
     D:5: 27 daAuts
